 Dungeon Crawl Stone Soup version 0.31-a0-986-g5e6e4ef867 (webtiles) character file.

Game seed: 16570508886711896670

35037 zazu2006 the Fighter (level 13, -10/108 HPs)
             Began as a Gnoll Wanderer on Nov 5, 2023.
             Was an Elder of Vehumet.
             Mangled by Donald
             ... wielding a +2 antimagic war axe
              (36 damage)
             ... on level 1 of the Orcish Mines.
             The game lasted 00:48:36 (18220 turns).

zazu2006 the Fighter (Gnoll Wanderer)              Turns: 18220, Time: 00:48:37

Health: -10/108    AC: 19    Str: 12    XL:     13   Next: 81%
Magic:  0/27       EV: 17    Int: 22    God:    Vehumet [****..]
Gold:   1119       SH:  7    Dex: 18    Spells: 25/32 levels left

rFire   + . .        B - +12 spear "Pemat" {protect, rF+}
rCold   + . .        z - +0 buckler
rNeg    . . .        I - +0 steam dragon scales
rPois   .            b - +2 hat {Stlth+}
rElec   .            R - +0 cloak
rCorr   .            (no gloves)
SInv    .            s - +1 pair of boots
Will    .....        N - amulet of regeneration
Stlth   +++++        Z - ring of Gudarchu {Fly rC+ Will- Int+2 Dex+4}
HPRegen 1.18/turn    f - +6 ring of intelligence
MPRegen 0.20/turn

%: no passive effects
@: mighty, under a protective aura, flying, hasted, very quick
A: fangs 1, strong nose, distributed training
a: Renounce Religion


You were on level 1 of the Orcish Mines.
You worshipped Vehumet.
Vehumet was greatly pleased with you.
You visited 4 branches of the dungeon, and saw 18 of its levels.
You also visited: Volcano.

You collected 1287 gold pieces.
You spent 168 gold pieces at shops.

Inventory:

Hand Weapons
 B - the +12 spear "Pemat" (weapon) {protect, rF+}
   (You bought it in a shop on level 5 of the Dungeon)

   rF+:       It protects you from fire.
Missiles
 x - 6 throwing nets
Armour
 b - a +2 hat of stealth (worn)
 s - a +1 pair of boots (worn)
 z - a +0 buckler (worn)
 I - +0 steam dragon scales (worn)
 R - a +0 cloak (worn)
Jewellery
 a - a ring of ice
 f - a +6 ring of intelligence (right hand)
 l - the ring of Sogetugage {rElec EV+5 Dex+2}
   (You found it on level 1 of the Lair of Beasts)

   [ring of evasion]

   EV+5:      It affects your evasion (+5).
   Dex+2:     It affects your dexterity (+2).
   rElec:     It insulates you from electricity.
 G - the ring "Epseqash" {SInv Stlth+}
   (You took it off an orc on level 8 of the Dungeon)

   [ring of see invisible]

   SInv:      It lets you see invisible.
   Stlth+:    It makes you more stealthy.
 N - an amulet of regeneration (around neck)
 Z - the ring of Gudarchu (left hand) {Fly rC+ Will- Int+2 Dex+4}
   (You found it on level 1 of the Lair of Beasts)

   [ring of flight]

   Int+2:     It affects your intelligence (+2).
   Dex+4:     It affects your dexterity (+4).
   rC+:       It protects you from cold.
   Will-:     It decreases your willpower.
   Fly:       It grants you flight.
Wands
 n - a wand of mindburst (4)
 t - a wand of digging (9)
 J - a wand of flame (13)
 K - a wand of roots (2)
 L - a wand of paralysis (8)
 T - a wand of light (4)
Scrolls
 c - 3 scrolls of poison
 e - 10 scrolls of teleportation
 h - a scroll of enchant armour {unknown}
 j - a scroll of revelation
 p - 2 scrolls of noise
 q - 5 scrolls of fog {unknown}
 v - 3 scrolls of blinking {unknown}
 w - a scroll of summoning {unknown}
 y - 2 scrolls of immolation {unknown}
 D - a scroll of silence {unknown}
 O - a scroll of brand weapon {unknown}
 U - a scroll of amnesia {unknown}
 W - a scroll of vulnerability {unknown}
Potions
 d - 2 potions of attraction
 g - 2 potions of ambrosia
 m - 2 potions of might
 o - 6 potions of curing
 r - 4 potions of brilliance
 u - 3 potions of mutation {unknown}
 E - 3 potions of haste
 F - 3 potions of enlightenment {unknown}
 P - 3 potions of invisibility {unknown}
 Q - 4 potions of heal wounds
 V - a potion of magic {unknown}
 X - a potion of resistance {unknown}


   Skills:
 + Level 12.1 Fighting
 + Level 8.8 Short Blades
 + Level 8.8 Long Blades
 + Level 8.8 Axes
 + Level 8.8 Maces & Flails
 + Level 8.8 Polearms
 + Level 8.8 Staves
 + Level 8.8 Ranged Weapons
 + Level 8.8 Throwing
 + Level 8.8 Armour
 + Level 8.8 Dodging
 + Level 8.8 Stealth
 + Level 8.8 Shields
 + Level 8.8 Unarmed Combat
 + Level 10.1 Spellcasting
 + Level 7.3 Conjurations
 + Level 7.6 Hexes
 + Level 7.3 Summonings
 + Level 7.3 Necromancy
 + Level 7.3 Translocations
 + Level 7.3 Transmutations
 + Level 7.3 Fire Magic
 + Level 9.2 Ice Magic
 + Level 7.3 Air Magic
 + Level 7.3 Earth Magic
 + Level 7.3 Poison Magic
 + Level 9.6 Invocations
 + Level 8.8 Evocations
 + Level 8.0 Shapeshifting


You had 25 spell levels left.
You knew the following spells:

 Your Spells              Type           Power      Damage    Failure   Level
a - Freeze                Ice            100%       1d10      1%          1
b - Hailstorm             Conj/Ice       47%        3d11      1%          3
c - Mephitic Cloud        Conj/Pois/Air  43%        N/A       1%          3

Your spell library contained the following spells:

 Spells                   Type           Power      Damage    Failure   Level
 Apportation              Tloc           86%        N/A       1%          1
 Summon Small Mammal      Summ           100%       N/A       1%          1
 Ensorcelled Hibernation  Hex/Ice        96%        N/A       1%          2
 Jinxbite                 Hex            90%        N/A       1%          2
 Wereblood                Tmut           43%        N/A       1%          2
 Call Canine Familiar     Summ           43%        N/A       1%          3
 Summon Guardian Golem    Hex/Summ       44%        N/A       1%          3
 Irradiate                Conj/Tmut      21%        3d18      3%          5
 Alistair's Intoxication  Tmut/Pois      28%        N/A       11%         5


Dungeon Overview and Level Annotations

Branches:
Dungeon (12/15)            Temple (1/1) D:4            Lair (3/5) D:9
  Swamp (0/4) Lair:3        Snake (0/4) Lair:3          Orc (2/2) D:10
Volcano (visited)
    Elf: Orc:2

Altars:
Ashenzari
Cheibriados
Dithmenos
Elyvilon
Fedhas
Gozag
Hepliaklqana
Kikubaaqudgha
Makhleb
Nemelex Xobeh
Okawaru
Qazlal
Ru
Sif Muna
Trog
Uskayaw
Vehumet
Wu Jian
Xom
Yredelemnul
Zin
The Shining One

Shops:
D:2 *   D:4 *   D:5 (   D:10 *

Portals:
Trove: D:11 (show slimy rune of Zot)

Annotations:
D:11 2 transporters, Firecrotchwizard's ghost, journeyman MiSh
Lair:3 Rupert
Orc:1 Donald


Innate Abilities, Weirdness & Mutations

You have very sharp teeth.
Your uncanny sense of smell can sniff out nearby items.
Your experience applies equally to all skills.


Message History

You hit Donald.
Donald is heavily wounded.
Donald seems less confused.
Casting: Mephitic Cloud (safe; 1% risk of failure)
Confirm with . or Enter, or press ? or * to list all spells.
You don't have enough magic to cast this spell.
Unknown command.
You feel very mighty all of a sudden. Donald closely misses you.
You feel yourself speed up. You block Donald's attack.
Donald hits you with a +2 antimagic war axe!
Donald blocks your attack.
Donald is heavily wounded.
Donald closely misses you.
You puncture Donald!
Donald is severely wounded.
Donald blocks your attack.
Donald is severely wounded.
Donald hits you but does no damage.
You closely miss Donald.
Donald is severely wounded.
Donald hits you with a +2 antimagic war axe!
You feel your power leaking away.
You puncture Donald!
Donald is severely wounded.
Donald hits you with a +2 antimagic war axe!!
* * * LOW HITPOINT WARNING * * *
You puncture Donald! You bite Donald, but do no damage.
Donald is almost dead.
Donald's magic is no longer disrupted.
Donald says, "I hate complainers so much."
Donald hits you with a +2 antimagic war axe!
* * * LOW HITPOINT WARNING * * *
Donald blocks your attack.
You bite Donald, but do no damage.
Donald is almost dead.
Donald blocks your attack.
Donald is almost dead.
Donald hits you with a +2 antimagic war axe!!!
You die...
Donald says, "Well, maybe you weren't so bad after all."

....#####...##.....##
.......#.#.###...###
...........####..###
.......#....###....##
.......###.###......##
.......##...##.......##
.............#........##
............##.........#
...)....)..##..@@...#.##
............##....##.##
.........).......##...#
...........)[[....#...##
....[[)................#
....)>[[....#.....#.#.##
.....)[......#.....####
.........#..#.....##
....###.######.####


You could see Donald (fast, strong, reflecting).

Vanquished Creatures
  Gastronok (D:11)
  A fire dragon (Volcano)
  Harold (Lair:1)
  2 hydras (Lair:1)
  4 two-headed ogres
  Sonja (Lair:1)
  Pikel (D:7)
  A lindwurm (Volcano)
  An oklob plant (Lair:1)
  An ugly thing (D:11)
  A manticore (D:12)
  A black mamba (Lair:1)
  Joseph (D:9)
  4 cane toads (Lair:3)
  2 molten gargoyles (Volcano)
  9 komodo dragons
  2 unseen horrors
  A rime drake (Lair:3)
  2 kobold demonologists (D:12)
  Maggie (D:9)
  2 guardian mummies (D:11)
  7 trolls
  22 blink frogs
  Prince Ribbit (D:8)
  3 shadows
  21 yaks
  14 fire bats (Volcano)
  2 wyverns
  A vampire (D:11)
  A basilisk (Lair:2)
  A warg (Orc:1)
  3 nagas (Lair:3)
  8 vampire mosquitoes
  4 swamp worms (Lair:1)
  2 hell hounds (Volcano)
  3 orc warriors
  9 water moccasins
  5 black bears
  A sky beast (D:6)
  An ice beast (D:5)
  7 ogres
  5 centaurs
  2 phantoms (D:4)
  2 lemures (D:7)
  3 kobold brigands
  A gnoll sergeant (D:6)
  8 bullfrogs
  2 scorpions
  8 wights
  8 killer bees
  2 electric eels (D:7)
  2 howler monkeys
  8 lava snakes
  5 hounds
  4 orc priests
  2 jellies
  2 gnoll boudas (D:9)
  4 iguanas
  5 orc wizards
  4 sleepcaps
  Natasha (twice) (D:3)
  2 adders
  13 gnolls
  A shadow imp (D:8)
  11 dart slugs
  49 orcs
  5 ball pythons
  5 bats
  4 endoplasms
  3 giant cockroaches (D:2)
  4 goblins
  7 hobgoblins
  3 jackals (D:2)
  22 kobolds
  4 quokkas
  2 frilled lizards
  5 rats
375 creatures vanquished.

Notes
Turn   | Place    | Note
-------+----------+-------------------------------------------
     0 | D:1      | zazu2006 the Gnoll Wanderer began the quest for the Orb.
     0 | D:1      | zazu2006 set off with the following items: a +0 club, a
                  | potion of berserk rage, a +0 robe, a potion of attraction;
                  | and the following spell memorised: Freeze; and the
                  | following spells available to memorise: Ensorcelled
                  | Hibernation, Jinxbite, Hailstorm.
     0 | D:1      | Reached XP level 1. HP: 26/26 MP: 6/6
   210 | D:1      | Reached XP level 2. HP: 30/33 MP: 4/7
   622 | D:1      | Found a faded altar of an unknown god.
   670 | D:1      | Reached XP level 3. HP: 37/38 MP: 3/9
  1036 | D:2      | Found Afes's Assorted Antiques.
  1043 | D:2      | Reached skill level 5 in Spellcasting
  1075 | D:2      | Found a snail-covered altar of Cheibriados.
  1339 | D:2      | Reached skill level 1 in Invocations
  1904 | D:3      | Noticed Natasha
  1911 | D:3      | Killed Natasha
  1912 | D:3      | Reached skill level 1 in Short Blades
  1912 | D:3      | Reached skill level 1 in Long Blades
  1912 | D:3      | Reached skill level 1 in Axes
  1912 | D:3      | Reached skill level 1 in Maces & Flails
  1912 | D:3      | Reached skill level 1 in Polearms
  1912 | D:3      | Reached skill level 1 in Staves
  1912 | D:3      | Reached skill level 1 in Ranged Weapons
  1912 | D:3      | Reached skill level 1 in Throwing
  1912 | D:3      | Reached skill level 1 in Armour
  1912 | D:3      | Reached skill level 1 in Dodging
  1912 | D:3      | Reached skill level 1 in Stealth
  1912 | D:3      | Reached skill level 1 in Shields
  1912 | D:3      | Reached skill level 1 in Unarmed Combat
  1912 | D:3      | Reached skill level 1 in Evocations
  1912 | D:3      | Reached skill level 1 in Shapeshifting
  1912 | D:3      | Reached XP level 4. HP: 37/45 MP: 4/11
  1917 | D:3      | Noticed Natasha
  1923 | D:3      | Killed Natasha
  1924 | D:3      | Reached skill level 1 in Conjurations
  1924 | D:3      | Reached skill level 1 in Summonings
  1924 | D:3      | Reached skill level 1 in Necromancy
  1924 | D:3      | Reached skill level 1 in Translocations
  1924 | D:3      | Reached skill level 1 in Transmutations
  1924 | D:3      | Reached skill level 1 in Fire Magic
  1924 | D:3      | Reached skill level 1 in Air Magic
  1924 | D:3      | Reached skill level 1 in Earth Magic
  1924 | D:3      | Reached skill level 1 in Poison Magic
  1996 | D:3      | Found a sacrificial altar of Ru.
  2171 | D:3      | Found an ornate altar of the Wu Jian Council.
  2857 | D:4      | Reached XP level 5. HP: 48/51 MP: 10/12
  3147 | D:4      | Reached XP level 6. HP: 48/57 MP: 2/13
  3543 | D:4      | Found a shimmering blue altar of Sif Muna.
  3584 | D:4      | Found a staircase to the Ecumenical Temple.
  3597 | Temple   | Entered the Ecumenical Temple
  3625 | D:4      | Found Fyequg's General Store.
  3640 | D:4      | Found an opulent altar of Gozag.
  3872 | D:4      | Reached XP level 7. HP: 23/63 MP: 15/15
  3876 | D:4      | Learned a level 3 spell: Hailstorm
  4086 | D:5      | Entered Level 5 of the Dungeon
  4337 | D:5      | Found a shadowy altar of Dithmenos.
  4351 | D:5      | Reached skill level 9 in Fighting
  4353 | D:5      | Found Ugudeoka's Antique Weapon Emporium.
  4433 | D:5      | Bought a bloodstained spear for 168 gold pieces
  4433 | D:5      | Identified the +12 spear "Pemat" {protect, rF+} (You bought
                  | it in a shop on level 5 of the Dungeon)
  4626 | D:5      | Found a burning altar of Makhleb.
  4861 | D:5      | Reached XP level 8. HP: 62/71 MP: 9/16
  6017 | D:6      | Found a white marble altar of Elyvilon.
  6052 | D:6      | Found a sacrificial altar of Ru.
  6054 | D:6      | Found a radiant altar of Vehumet.
  6054 | D:6      | Found a shadowy altar of Dithmenos.
  6056 | D:6      | Found a shimmering altar of Xom.
  6056 | D:6      | Found a shadowy altar of Dithmenos.
  6056 | D:6      | Found a basalt altar of Yredelemnul.
  6598 | D:6      | HP: 3/71 [sleepcap (9)]
  6599 | D:6      | HP: 1/71 [poisoned by a gnoll]
  7156 | D:7      | Noticed a yak
  7180 | D:7      | Killed a yak
  7181 | D:7      | Reached XP level 9. HP: 77/77 MP: 14/18
  7328 | D:7      | Found a bloodstained altar of Trog.
  7400 | D:7      | Found a glowing golden altar of the Shining One.
  8084 | D:7      | Noticed Pikel
  8182 | D:7      | Killed Pikel
  8183 | D:7      | Reached skill level 5 in Invocations
  8242 | D:8      | Noticed a two-headed ogre
  8246 | D:8      | Noticed Prince Ribbit
  8551 | D:8      | Killed a two-headed ogre
  8552 | D:8      | Reached skill level 10 in Fighting
  8552 | D:8      | Reached skill level 5 in Short Blades
  8552 | D:8      | Reached skill level 5 in Long Blades
  8552 | D:8      | Reached skill level 5 in Axes
  8552 | D:8      | Reached skill level 5 in Maces & Flails
  8552 | D:8      | Reached skill level 5 in Polearms
  8552 | D:8      | Reached skill level 5 in Staves
  8552 | D:8      | Reached skill level 5 in Ranged Weapons
  8552 | D:8      | Reached skill level 5 in Throwing
  8552 | D:8      | Reached skill level 5 in Armour
  8552 | D:8      | Reached skill level 5 in Dodging
  8552 | D:8      | Reached skill level 5 in Stealth
  8552 | D:8      | Reached skill level 5 in Shields
  8552 | D:8      | Reached skill level 5 in Unarmed Combat
  8552 | D:8      | Reached skill level 5 in Evocations
  8552 | D:8      | Reached XP level 10. HP: 48/85 MP: 20/20
  8691 | D:8      | Found a radiant altar of Vehumet.
  8699 | D:8      | Identified the ring "Epseqash" {SInv Stlth+}
  8709 | D:8      | Killed Prince Ribbit
  9475 | D:8      | Became a worshipper of Vehumet
  9658 | D:9      | Reached skill level 5 in Hexes
  9684 | D:9      | Noticed Maggie
  9696 | D:9      | Killed Maggie
  9802 | D:9      | Noticed Joseph
  9815 | D:9      | Killed Joseph
  9816 | D:9      | Reached skill level 5 in Shapeshifting
 10270 | D:9      | Identified the +8 long sword "Spiderslayer" {flame, rElec
                  | rC+ Str-5}
 10472 | D:9      | Found a staircase to the Lair.
 10576 | D:10     | Entered Level 10 of the Dungeon
 10592 | D:10     | Reached * piety under Vehumet
 10592 | D:10     | Offered knowledge of Shock by Vehumet.
 10659 | D:10     | Found Qyckeak's Overcharged Wands.
 10659 | D:10     | Noticed a two-headed ogre
 10672 | D:10     | Killed a two-headed ogre
 10937 | D:10     | Reached XP level 11. HP: 74/92 MP: 22/22
 11110 | D:10     | Reached skill level 5 in Conjurations
 11110 | D:10     | Reached skill level 5 in Summonings
 11110 | D:10     | Reached skill level 5 in Necromancy
 11110 | D:10     | Reached skill level 5 in Translocations
 11110 | D:10     | Reached skill level 5 in Transmutations
 11110 | D:10     | Reached skill level 5 in Fire Magic
 11110 | D:10     | Reached skill level 5 in Air Magic
 11110 | D:10     | Reached skill level 5 in Earth Magic
 11110 | D:10     | Reached skill level 5 in Poison Magic
 11150 | D:10     | Found a staircase to the Orcish Mines.
 11225 | D:10     | Found a hide-covered altar of Uskayaw.
 11411 | D:11     | Noticed Gastronok
 11435 | D:11     | Killed Gastronok
 11445 | D:11     | Noticed a purple ugly thing
 11766 | D:11     | Noticed a two-headed ogre
 11775 | D:11     | Killed a two-headed ogre
 11876 | D:11     | Killed a purple ugly thing
 12047 | D:11     | Found a portal to a secret trove of treasure.
 12273 | D:11     | Found a transporter.
 12276 | D:11     | Noticed Firecrotchwizard's ghost (journeyman MiSh)
 12292 | D:11     | Found a transporter.
 12779 | D:12     | Offered knowledge of Momentum Strike by Vehumet.
 12782 | D:12     | Reached ** piety under Vehumet
 13097 | D:12     | Noticed a manticore
 13111 | D:12     | Killed a manticore
 13288 | D:12     | Reached skill level 11 in Fighting
 13316 | D:12     | Noticed a two-headed ogre
 13327 | D:12     | Reached XP level 12. HP: 100/100 MP: 24/24
 13333 | D:12     | Killed a two-headed ogre
 13805 | Orc:1    | Entered Level 1 of the Orcish Mines
 13970 | Orc:2    | Entered Level 2 of the Orcish Mines
 14037 | Orc:2    | Offered knowledge of Frozen Ramparts by Vehumet.
 14083 | Orc:2    | Noticed Donald
 14205 | Lair:1   | Entered Level 1 of the Lair of Beasts
 14205 | Lair:1   | Found a transporter.
 14209 | Lair:1   | Noticed Harold
 14231 | Lair:1   | Killed Harold
 14323 | Lair:1   | Reached *** piety under Vehumet
 14566 | Lair:1   | Found the +1 robe of Vines {NoPotionHeal Regen++++}
 14570 | Lair:1   | Noticed an eight-headed hydra
 14579 | Lair:1   | Noticed a six-headed hydra
 14583 | Lair:1   | Killed an eight-headed hydra
 14651 | Lair:1   | Killed a six-headed hydra
 14652 | Lair:1   | Noticed Sonja
 14673 | Lair:1   | Killed Sonja
 14805 | Lair:1   | Found a transporter.
 14836 | Lair:1   | Offered knowledge of Inner Flame by Vehumet.
 14886 | Lair:1   | Identified the ring of Gudarchu {Fly rC+ Will- Int+2 Dex+4}
 14923 | Lair:1   | Reached XP level 13. HP: 85/106 MP: 26/26
 15174 | Lair:1   | You fall into a shaft and drop 1 floor!
 15177 | Lair:2   | Found a radiant altar of Vehumet.
 15198 | Lair:2   | Found a dark tunnel.
 15214 | Volcano  | Entered a volcano
 15365 | Volcano  | Found a burning altar of Makhleb.
 15382 | Volcano  | Reached **** piety under Vehumet
 15448 | Volcano  | Offered knowledge of Mephitic Cloud by Vehumet.
 15477 | Volcano  | Learned a level 3 spell: Mephitic Cloud
 15507 | Volcano  | Noticed a fire dragon
 15529 | Volcano  | Killed a fire dragon
 16066 | Lair:2   | Reached skill level 12 in Fighting
 16129 | Lair:2   | Reached skill level 10 in Spellcasting
 16878 | Lair:1   | Identified the ring of Sogetugage {rElec EV+5 Dex+2}
 17074 | Lair:3   | Identified the +1 pair of boots "Fakewkoe" {rElec rN+}
 17319 | Lair:3   | Found a staircase to the Snake Pit.
 17984 | Lair:3   | Found a staircase to the Swamp.
 18008 | Lair:3   | HP: 3/108 [swamp worm/harpoon shot (10)]
 18018 | Lair:3   | Noticed Rupert
 18220 | Orc:1    | Mangled by Donald

Illustrated notes

Levels and vault maps discovered:
D:1:      dpeg_arrival_refuge, layout_basic, ebering_ecumenical_altar_box
D:2:      layout_basic, basic_altar, serial_shops, shop
D:3:      layout_basic, mainiacjoe_overflow_alcove_1,
          lemuel_coloured_pillars_altar, uniq_natasha
D:4:      kennysheep_slugbush, layout_gridville, lemuel_round_altar,
          kennysheep_mini_moat, minmay_temple_entry_mist, serial_shops,
          nicolae_shop_tiny_waterfront
D:5:      layout_cave_pools, mainiacjoe_overflow_alcove_4, lemuel_round_altar,
          serial_shops, nicolae_shop_tiny_statue_garden,
          kennysheep_generic_room_10
D:6:      layout_layer_cave, doesnt_xom_only_xom, overflow_temple_1_default,
          kennysheep_pointless_box
D:7:      cheibrodos_helix_gallery, layout_rooms, amcnicky_altar_gilded,
          marbit_many_paths, serial_corexii_hall, chequers_hall_statues_wall_a,
          chequers_hall_statues_y, nicolae_lava_and_water,
          kennysheep_generic_room_15, uniq_pikel
D:8:      layout_cave_pools, lemuel_tele_altar, uniq_prince_ribbit1
D:9:      layout_loops_cross, lair_entry_dummy, minmay_starry_boxes,
          uniq_joseph, uniq_maggie
D:10:     layout_gridville, lemuel_doored_altar, nicolae_shop_overcharged_wands
D:11:     layout_gridville, nicolae_trove_entry_path_of_doom,
          gammafunk_ghost_stat_death, corner_web_ring, uniq_gastronok
D:12:     layout_grid_maze
Temple:   nicolae_temple_bog_church
Lair:1:   gammafunk_worm_tunnel, layout_loops_ring,
          hellmonk_guarded_unrand_vines, grunt_megastairs_1, uniq_sonja,
          uniq_harold
Lair:2:   layout_roguey, nicolae_volcano_entry_hallway, basic_altar
Lair:3:   layout_cave_pods, palyth_hydra_swamp_entry,
          guppyfry_snake_entry_garden, uniq_rupert
Orc:1:    layout_caves
Orc:2:    pubby_orc_utopia, uniq_donald

Skill      XL: |  1  2  3  4  5  6  7  8  9 10 11 12 13 |
---------------+----------------------------------------+-----
Hexes          | 2 3 4 5 6 7 |  7.6
Spellcasting   | 5 6 7 8 9 10 | 10.1
Invocations    | 1 2 3 4 5 6 7 8 9 |  9.6
Short Blades   | 1 2 3 5 6 8 |  8.8
Long Blades    | 1 2 3 5 6 8 |  8.8
Axes           | 1 2 3 5 6 8 |  8.8
Maces & Flails | 1 2 3 5 6 8 |  8.8
Polearms       | 1 2 3 5 6 8 |  8.8
Staves         | 1 2 3 5 6 8 |  8.8
Ranged Weapons | 1 2 3 5 6 8 |  8.8
Throwing       | 1 2 3 5 6 8 |  8.8
Armour         | 1 2 3 5 6 8 |  8.8
Dodging        | 1 2 3 5 6 8 |  8.8
Stealth        | 1 2 3 5 6 8 |  8.8
Shields        | 1 2 3 5 6 8 |  8.8
Unarmed Combat | 1 2 3 5 6 8 |  8.8
Evocations     | 1 2 3 5 6 8 |  8.8
Shapeshifting  | 1 2 3 4 5 6 7 8 |  8.0
Conjurations   | 1 2 3 4 5 6 7 |  7.3
Summonings     | 1 2 3 4 5 6 7 |  7.3
Necromancy     | 1 2 3 4 5 6 7 |  7.3
Translocations | 1 2 3 4 5 6 7 |  7.3
Transmutations | 1 2 3 4 5 6 7 |  7.3
Fire Magic     | 1 2 3 4 5 6 7 |  7.3
Air Magic      | 1 2 3 4 5 6 7 |  7.3
Earth Magic    | 1 2 3 4 5 6 7 |  7.3
Poison Magic   | 1 2 3 4 5 6 7 |  7.3
Fighting       | 9 10 11 12 | 12.1
Ice Magic      | 6 7 8 9 |  9.2

Action                     |  1- 3 |  4- 6 |  7- 9 | 10-12 | 13-15 || total
---------------------------+-------+-------+-------+-------+-------++-------
  Melee: Dagger            |     8 |    71 |     9 |       |       ||    88
         Bite              |     1 |     7 |    25 |    89 |    65 ||   187
         Punch             |       |     1 |     3 |       |       ||     4
         Spear             |       |       |   212 |   681 |   394 ||  1287
   Cast: Freeze            |    60 |    81 |    16 |    22 |     1 ||   180
         Hailstorm         |       |       |    16 |    18 |    37 ||    71
         Mephitic Cloud    |       |       |       |       |     4 ||     4
  Evoke: Wand              |       |       |     6 |     6 |       ||    12
    Use: Potion            |       |       |     2 |     1 |     5 ||     8
         Scroll            |       |       |     1 |       |    13 ||    14
   Stab: Sleeping          |       |     1 |     5 |    10 |     6 ||    22
         Confused          |       |       |       |       |     3 ||     3
 Armour: Robe              |    25 |    34 |       |       |       ||    59
         Leather armour    |       |    51 |   147 |    64 |       ||   262
         Steam dragon scal |       |       |       |   406 |   207 ||   613
  Dodge: Dodged            |    24 |    57 |   120 |   419 |   222 ||   842
  Block: Buckler           |       |       |     6 |   191 |    90 ||   287

Table legend: (Time is in decaauts)
 A = Elapsed time spent in this place.
 B = Non-inter-level travel time spent in this place.
 C = Inter-level travel time spent in this place.
 D = Time resting spent in this place.
 E = Time spent auto-exploring this place.
 F = Levels seen in this place.
 G = Mean time per level.
                   A        B        C        D        E       F      G
               +--------+--------+--------+--------+--------+-----+--------+
         Total |  17994 |  17139 |    855 |   1440 |  11714 |  19 |  947.1 |
       Dungeon |  13955 |  13257 |    698 |   1279 |   9414 |  12 | 1162.9 |
        Temple |     21 |     20 |      1 |      0 |     20 |   1 |   21.0 |
          Lair |   3325 |   3196 |    129 |     61 |   2158 |   3 | 1108.3 |
  Orcish Mines |    342 |    315 |     27 |     29 |    122 |   2 |  171.0 |
       Volcano |    349 |    349 |      0 |     71 |      0 |   1 |  349.0 |
               +--------+--------+--------+--------+--------+-----+--------+

Top non-repeatable levels by time:
  Lair:1: 1578 daAuts
     D:6: 1541 daAuts
     D:7: 1452 daAuts
     D:5: 1363 daAuts
    D:10: 1278 daAuts
     D:9: 1211 daAuts
     D:4: 1143 daAuts
     D:3: 1084 daAuts
    D:12: 1083 daAuts
  Lair:3: 1035 daAuts
     D:8: 1031 daAuts
     D:1: 1000 daAuts
    D:11: 929 daAuts
     D:2: 835 daAuts
  Lair:2: 712 daAuts
